 Dungeon Crawl Stone Soup version 0.28-a0-938-gbc3f381ebc (webtiles) character file.

Game seed: 11842600078218807008

3020 enile the Spear-Bearer (level 9, -1/72 HPs)
             Began as a Merfolk Gladiator on Nov 28, 2021.
             Was a Believer of Nemelex Xobeh.
             Succumbed to a killer bee's poison
             ... on level 8 of the Dungeon.
             The game lasted 00:30:54 (10481 turns).

enile the Spear-Bearer (Merfolk Gladiator)         Turns: 10481, Time: 00:30:55

Health: -1/72      AC:  4    Str: 16    XL:     9   Next: 85%
Magic:  5/12       EV: 15    Int:  9    God:    Nemelex Xobeh [**....]
Gold:   428        SH:  0    Dex: 15    Spells: 7/12 levels left

rFire   . . .      SeeInvis .   a - +0 trident
rCold   + . .      Faith    +   (no shield)
rNeg    . . .      Spirit   .   b - +0 leather armour
rPois   .          Reflect  .   c - +0 helmet
rElec   .          Harm     .   (no cloak)
rCorr   .          Rampage  .   (no gloves)
Will    .....                   (no boots)
Stlth   +++.......              D - amulet of faith
HPRegen 0.22/turn               j - ring of protection from cold
MPRegen 0.13/turn               m - ring of wizardry

@: lethally poisoned (-1 -> -25), invisible
A: (nimble swimmer 2), mertail
a: Renounce Religion, Draw Escape, Draw Destruction, Draw Summoning


You were on level 8 of the Dungeon.
You worshipped Nemelex Xobeh.
Nemelex Xobeh was pleased with you.
You visited 1 branch of the dungeon, and saw 8 of its levels.
You also visited: Ossuary.

You collected 442 gold pieces.
You donated 14 gold pieces to Zin.

Inventory:

Hand Weapons
 a - a +0 trident (weapon)
 d - a +1 whip of pain
 n - a +0 flail of protection
Missiles
 f - an atropa-tipped dart
 s - a boomerang (quivered)
Armour
 b - a +0 leather armour (worn)
 c - a +0 helmet (worn)
 y - a +2 ring mail of cold resistance
 A - a +0 chain mail
 E - a +0 buckler
 J - +0 steam dragon scales
Jewellery
 j - a ring of protection from cold (left hand)
 m - a ring of wizardry (right hand)
 q - a ring of protection from cold
 D - an amulet of faith (around neck)
Wands
 w - a wand of digging (3)
 C - a wand of mindburst (10)
 I - a wand of flame (3)
Scrolls
 g - a scroll of torment
 h - a scroll of fog
 k - 2 scrolls of amnesia
 o - a scroll of vulnerability
 t - 2 scrolls of enchant armour
 x - 2 scrolls of noise
 G - a scroll of teleportation
 H - 3 scrolls of magic mapping {unknown}
Potions
 e - 2 potions of heal wounds
 i - 2 potions of cancellation
 l - 2 potions of curing
 p - a potion of attraction
 r - a potion of haste
 u - 2 potions of ambrosia {unknown}
 z - 3 potions of degeneration {unknown}
 B - a potion of berserk rage {unknown}
 F - a potion of lignification {unknown}


   Skills:
 - Level 7.0 Fighting
 - Level 9.0 Polearms
 - Level 2.0 Throwing
 - Level 7.0 Dodging
 - Level 5.0 Stealth
 + Level 3.9 Shields
 - Level 2.0 Spellcasting
 - Level 2.0 Conjurations
 - Level 4.0 Transmutations
 - Level 3.0 Earth Magic
 - Level 4.0 Invocations
 - Level 1.1 Evocations


You had 7 spell levels left.
You knew the following spells:

 Your Spells              Type           Power      Damage    Failure   Level
a - Passwall              Tmut/Erth      5%         N/A       6%          2
b - Stone Arrow           Conj/Erth      10%        3d7       17%         3

Your spell library contained the following spells:

 Spells                   Type           Power      Damage    Failure   Level
 Sandblast                Erth           12%        2d6       4%          1
 Apportation              Tloc           0%         N/A       16%         1
 Gell's Gravitas          Tloc           0%         N/A       43%         3
 Lesser Beckoning         Tloc           0%         N/A       43%         3
 Teleport Other           Tloc           0%         N/A       43%         3
 Airstrike                Air            0%         N/A       82%         4
 Summon Lightning Spire   Summ/Air       0%         N/A       82%         4
 Alistair's Intoxication  Tmut/Pois      2%         N/A       86%         5
 Lightning Bolt           Conj/Air       1%         1d12      95%         5
 Chain Lightning          Conj/Air       1%         3d1       100%        9
 Fire Storm               Conj/Fire      1%         7d1       100%        9
 Shatter                  Erth           3%         3d7*      100%        9


Dungeon Overview and Level Annotations

Branches:
Dungeon (8/15)             Temple (0/1) D:5         Ossuary (visited)
   Lair: D:8-11

Altars:
Ashenzari
Dithmenos
Elyvilon
Fedhas
Gozag
Hepliaklqana
Makhleb
Nemelex Xobeh
Trog
Zin

Annotations:
D:7 3 runed translucent doors, AmazingEquinox's ghost, novice MiBe
Abyss:1 Sigmund


Innate Abilities, Weirdness & Mutations

((You are quick and stealthy near water. (Stealth+, EV+, Speed+++)))
Your lower body shifts to a powerful aquatic tail in water.


Message History

The killer bee misses you. The killer bee barely misses you.
The killer bee stings you but does no damage.
You draw a card...
You have drawn Vitriol.
Press: ? - help, Shift-Dir - straight line, f - killer bee
Aim: a killer bee The glob of acid hits the killer bee!!!
You kill the killer bee!
The deck of cards glows with a rainbow of weird colours and disappears.
The killer bee stings you!
* * * LOW HITPOINT WARNING * * *
You are poisoned.
The killer bee poisons you! The killer bee stings you.
* * * LOW HITPOINT WARNING * * *
The killer bee barely misses you. The killer bee stings you.
* * * LOW HITPOINT WARNING * * *
You feel much better.
You feel sick. The killer bee stings you.
You are more poisoned.
The killer bee poisons you! The killer bee misses you.
The killer bee stings you.
You are more poisoned.
The killer bee poisons you! The killer bee misses you.
You draw a card...
You have drawn the Tomb.
Walls emerge from the floor!
The deck of cards disappears without a trace.
You feel very sick. The killer bee stings you.
* * * LOW HITPOINT WARNING * * *
The killer bee stings you.
* * * LOW HITPOINT WARNING * * *
The killer bee stings you.
* * * LOW HITPOINT WARNING * * *
The killer bee stings you!
* * * LOW HITPOINT WARNING * * *
You are more poisoned.
The killer bee poisons you!
Okay, then.
You fade into invisibility!
You die...
Your body glows slightly and disappears.

#########
#.......#
#.......#
#.......#
#.......#
#).[....#
#.......#
####......#
##@#..#####
##yy..#
#.....#
#.....#
#.....#
#.....+
#.....#
.......


You could see 2 killer bees.

Vanquished Creatures
  Maggie (D:8)
  Duvessa (D:5)
  3 orc warriors
  A black bear (D:5)
  A sky beast (D:6)
  2 ogres
  2 centaurs
  A phantom (D:4)
  A kobold brigand (D:6)
  An elf zombie (Ossuary)
  A bullfrog (D:4)
  2 scorpions (D:4)
  2 water moccasin zombies
  A water moccasin skeleton (D:7)
  Dowan (D:5)
  A killer bee (D:8)
  A howler monkey (D:6)
  4 centaur zombies
  A hound (D:6)
  2 human zombies (Ossuary)
  A jelly (D:6)
  5 orc priests
  3 bullfrog skeletons
  4 iguanas
  4 orc wizards
  2 hound skeletons (D:4)
  2 mummies (Ossuary)
  2 howler monkey skeletons (D:5)
  3 gnolls (D:5)
  5 adders
  A shadow imp (D:7)
  A white imp (D:6)
  2 ufetubi
  An adder zombie (Ossuary)
  A worm (D:5)
  A dart slug (D:1)
  25 orcs
  11 ball pythons
  8 bats
  5 endoplasms
  3 giant cockroaches
  4 goblins
  7 hobgoblins
  7 jackals
  6 kobolds
  7 quokkas
  7 frilled lizards
  A goblin zombie (Ossuary)
  9 hobgoblin zombies (Ossuary)
  A jackal zombie (Ossuary)
  13 kobold zombies (Ossuary)
  4 orc zombies (Ossuary)
  10 rats
  3 rat zombies (Ossuary)
  A spectral goblin (D:1)
200 creatures vanquished.

Vanquished Creatures (others)
  A butterfly (D:5)
1 creature vanquished.

Grand Total: 201 creatures vanquished

Notes
Turn   | Place    | Note
-------+----------+-------------------------------------------
     0 | D:1      | enile the Merfolk Gladiator began the quest for the Orb.
     0 | D:1      | Reached XP level 1. HP: 16/16 MP: 1/1
   186 | D:1      | Reached XP level 2. HP: 23/23 MP: 2/2
   188 | D:1      | Found a faded altar of an unknown god.
   206 | D:1      | Prayed at the altar of an unknown god.
   206 | D:1      | Became a worshipper of Zin the Law-Giver
   206 | D:1      | Reached * piety under Zin
   315 | D:1      | Reached skill level 5 in Polearms
   511 | D:1      | Reached skill level 1 in Invocations
   548 | D:1      | Reached XP level 3. HP: 27/29 MP: 3/3
   702 | D:1      | Reached ** piety under Zin
  1411 | D:2      | Reached XP level 4. HP: 34/37 MP: 4/4
  1556 | D:2      | Reached *** piety under Zin
  1704 | D:2      | Found a sparkling altar of Nemelex Xobeh.
  1722 | D:2      | Fell from the grace of Zin
  1722 | D:2      | Became a worshipper of Nemelex Xobeh the Trickster
  2166 | D:3      | Found a broken altar of Ashenzari.
  2239 | D:3      | Reached skill level 6 in Polearms
  2556 | D:4      | Learned a level 2 spell: Passwall
  2845 | D:4      | Reached XP level 5. HP: 35/42 MP: 5/5
  2926 | D:4      | Reached skill level 5 in Dodging
  3137 | D:4      | Found a hazy altar of Hepliaklqana.
  3157 | D:4      | Reached * piety under Nemelex Xobeh
  3182 | D:4      | Reached XP level 6. HP: 42/48 MP: 6/8
  3223 | D:4      | Learned a level 3 spell: Stone Arrow
  3254 | D:3      | Reached skill level 1 in Evocations
  3657 | D:4      | Reached XP level 7. HP: 50/55 MP: 9/9
  3692 | D:4      | Received a gift from Nemelex Xobeh
  3701 | D:4      | Reached skill level 5 in Fighting
  3832 | D:4      | Found an opulent altar of Gozag.
  3875 | D:5      | Entered Level 5 of the Dungeon
  4136 | D:5      | Reached skill level 7 in Polearms
  4442 | D:5      | Noticed Dowan
  4462 | D:5      | Noticed Duvessa
  4492 | D:5      | Killed Duvessa
  4493 | D:5      | Killed Dowan
  4494 | D:5      | Reached skill level 1 in Transmutations
  5032 | D:5      | Noticed Sigmund
  5061 | D:5      | Banished Sigmund
  5062 | D:5      | Reached skill level 1 in Spellcasting
  5062 | D:5      | Reached skill level 1 in Earth Magic
  5062 | D:5      | Reached skill level 1 in Conjurations
  5062 | D:5      | Reached XP level 8. HP: 37/64 MP: 10/10
  5490 | D:5      | Found a white marble altar of Elyvilon.
  5636 | D:5      | Found a staircase to the Ecumenical Temple.
  6509 | D:6      | Reached skill level 8 in Polearms
  6833 | D:6      | Reached XP level 9. HP: 41/69 MP: 3/12
  7582 | D:6      | Found a bloodstained altar of Trog.
  7636 | D:6      | Found a burning altar of Makhleb.
  8063 | D:6      | Reached ** piety under Nemelex Xobeh
  8245 | D:6      | Found a blossoming altar of Fedhas.
  8303 | D:7      | Found a shadowy altar of Dithmenos.
  8348 | D:7      | Reached skill level 5 in Stealth
  8486 | D:7      | Found a sand-covered staircase.
  8502 | D:7      | Found a runed translucent gate.
  8502 | D:7      | Found a runed translucent gate.
  8504 | D:7      | Found an opulent altar of Gozag.
  8504 | D:7      | Found a runed translucent gate.
  8504 | D:7      | Noticed a two-headed ogre
  8505 | D:7      | Noticed a komodo dragon
  8505 | D:7      | Noticed AmazingEquinox's ghost (novice MiBe)
  8527 | D:7      | Received a gift from Nemelex Xobeh
  8562 | D:7      | HP: 1/69 [orc warrior (19)]
  8652 | Ossuary  | Entered an ossuary
 10068 | D:7      | Reached skill level 9 in Polearms
 10068 | D:7      | Reached skill level 1 in Shields
 10444 | D:8      | Noticed Maggie
 10466 | D:8      | Killed Maggie
 10481 | D:8      | Succumbed to a killer bee's poison

Illustrated notes

Levels and vault maps discovered:
D:1:      giann_wishing_wells, layout_rooms,
          dreamdust_ecumenical_altar_drowned_temple
D:2:      minmay_alternating_diamond, layout_basic, basic_altar, minmay_3d_cube
D:3:      layout_loops_ring, nicolae_ashenzari_skybound
D:4:      layout_cave_pools, grunt_gozag_statues, lemuel_coloured_pillars_altar
D:5:      layout_rooms, nicolae_elyvilon_peaceful_grove,
          lemuel_temple_firewalk_b, uniq_duvessa, uniq_sigmund
D:6:      layout_cave_pools, lemuel_doored_altar, general_overflow_altar,
          marbit_many_paths, hangedman_decor_points
D:7:      layout_basic, grunt_dithmenos_smoke_and_mirrors, enter_ossuary_1,
          ebering_ghost_gozag, hangedman_decor_growths
D:8:      layout_gridville, nicolae_uskayaw_dance_studio,
          kennysheep_generic_room_2, uniq_maggie

Skill      XL: |  1  2  3  4  5  6  7  8  9 |
---------------+----------------------------+-----
Fighting       | 3 4 6 7 |  7.0
Polearms       | 5 6 7 8 9 |  9.0
Invocations    | 1 3 4 |  4.0
Dodging        | 5 6 7 |  7.0
Stealth        | 2 3 5 |  5.0
Evocations     | 1 |  1.1
Transmutations | 2 4 |  4.0
Spellcasting   | 1 2 |  2.0
Earth Magic    | 1 3 |  3.0
Conjurations   | 1 2 |  2.0
Shields        | 3 |  3.9
Throwing       | |  2.0

Action                   |  1- 3 |  4- 6 |  7- 9 || total
-------------------------+-------+-------+-------++-------
Melee: Trident           |   151 |   177 |   522 ||   850
       Tailslap          |     1 |       |       ||     1
Throw: Throwing net      |       |     3 |     2 ||     5
       Dart              |       |       |     6 ||     6
       Boomerang         |       |       |     4 ||     4
 Cast: Stone Arrow       |       |       |    67 ||    67
Invok: Draw Destruction  |       |       |     8 ||     8
       Draw Escape       |       |       |     5 ||     5
Evoke: Wand              |       |       |     9 ||     9
  Use: Potion            |       |     1 |     7 ||     8
       Scroll            |       |       |    13 ||    13
 Stab: Sleeping          |     2 |     1 |     9 ||    12
       Held in net/web   |       |     1 |     3 ||     4
       Invisible         |       |       |     2 ||     2
       Distracted        |       |       |     1 ||     1
Armor: Leather armour    |    31 |    39 |   103 ||   173
Dodge: Dodged            |   101 |   119 |   373 ||   593

Table legend: (Time is in decaauts)
 A = Elapsed time spent in this place.
 B = Non-inter-level travel time spent in this place.
 C = Inter-level travel time spent in this place.
 D = Time resting spent in this place.
 E = Time spent auto-exploring this place.
 F = Levels seen in this place.
 G = Mean time per level.
                   A        B        C        D        E       F      G
               +--------+--------+--------+--------+--------+-----+--------+
         Total |  10448 |  10188 |    260 |   1227 |   6913 |   9 | 1160.9 |
       Dungeon |   9633 |   9373 |    260 |   1125 |   6434 |   8 | 1204.1 |
       Ossuary |    815 |    815 |      0 |    102 |    479 |   1 |  815.0 |
               +--------+--------+--------+--------+--------+-----+--------+

Top non-repeatable levels by time:
     D:5: 2076 daAuts
     D:6: 1850 daAuts
     D:4: 1492 daAuts
     D:7: 1313 daAuts
     D:2: 1037 daAuts
     D:3: 998 daAuts
     D:1: 829 daAuts
 Ossuary: 815 daAuts
     D:8: 36 daAuts
